 Dungeon Crawl Stone Soup version 0.20.1-1-g8b1a95d (console) character file.

8033 hilaritas the Fighter (level 11, -4/150 HPs)
             Began as a Minotaur Monk on Oct 22, 2017.
             Was an Elder of the Shining One.
             Slain by Agrougrou's ghost (12 damage)
             ... on level 10 of the Dungeon.
             The game lasted 00:22:02 (9559 turns).

hilaritas the Fighter (Minotaur Monk)               Turns: 9559, Time: 00:22:03

Health: -4/150     AC: 25    Str: 19    XL:     11   Next: 4%
Magic:  13/15      EV:  2    Int:  7    God:    the Shining One [****..]
Gold:   637        SH: 19    Dex: 13    Spells: 9/10 levels left

rFire    . . .     SeeInvis .   N - +0 long sword
rCold    + . .     Gourm    +   S - +0 shield
rNeg     + + +     Faith    .   (armour currently unavailable)
rPois    +         Spirit   .   (helmet currently unavailable)
rElec    .         Reflect  .   (cloak currently unavailable)
rCorr    .         Harm     .   (gloves currently unavailable)
MR       .....     NoTele   +   (boots currently unavailable)
Stlth    +.........             s - amulet of the gourmand
Regen    0.4/turn               o - ring of protection from cold
MPRegen  0.2/turn               P - +3 ring of evasion

@: divine shield, tree-form, glowing
A: (retaliatory headbutt)
a: Divine Shield, Cleansing Flame, Renounce Religion


You were on level 10 of the Dungeon.
You worshipped the Shining One.
The Shining One was greatly pleased with you.
You were very full.
You were a tree.
You visited 2 branches of the dungeon, and saw 11 of its levels.

You collected 637 gold pieces.

Inventory:

Hand Weapons
 a - a +1 falchion
 E - a +1 dagger of flaming
 N - a +0 long sword (weapon)
Missiles
 D - 5 javelins (quivered)
Armour
 y - the +0 ring mail of the Sky {rElec rPois rN++ rCorr}
   (You found it on level 8 of the Dungeon)

   It insulates you from electricity.
   It protects you from poison.
   It greatly protects you from negative energy.
   It protects you from acid and corrosion.
 G - a +1 hat (melded)
 I - a scarf of repulsion (melded)
 O - the cursed +0 scale mail "Iduarchef" (melded) {rF+}
   (You found it on level 9 of the Dungeon)

   It protects you from fire.
   It has a curse placed upon it.
 S - a +0 shield (worn)
Jewellery
 o - a ring of protection from cold (left branch)
 s - an amulet of the gourmand (around neck)
 A - an uncursed ring of protection from cold
 P - a +3 ring of evasion (right branch)
Wands
 b - a wand of polymorph (6/24)
 e - a wand of digging (12/24)
 C - a wand of confusion (23/48)
 H - a wand of flame (10/48)
 J - a wand of confusion (29/48)
 R - a wand of acid (15/15)
Scrolls
 n - 3 scrolls of magic mapping
 p - 3 scrolls of fog
 q - a scroll of fear
 r - 4 scrolls of teleportation
 u - 2 scrolls of enchant armour
 B - 5 scrolls of identify
Potions
 d - 2 potions of magic {unknown}
 f - 2 potions of mutation {unknown}
 g - 4 potions of flight
 h - 4 potions of curing
 j - a potion of heal wounds {unknown}
 k - 2 potions of ambrosia {unknown}
 l - 2 potions of invisibility {unknown}
 m - 3 potions of degeneration {unknown}
 w - 4 potions of lignification
 x - a potion of berserk rage {unknown}
 z - 2 potions of resistance {unknown}
 M - a potion of might {unknown}
 Q - a potion of haste {unknown}
Books
 i - a book of Party Tricks

   Spells                             Type                      Level
   a - Summon Butterflies             Summoning                    1
   b - Apportation                    Translocation                1
   c - Lesser Beckoning               Translocation                3
   d - Tukima's Dance                 Hexes                        3
   e - Alistair's Intoxication        Transmutation/Poison         5
   f - Invisibility                   Hexes                        6
 L - a book of Flames

   Spells                             Type                      Level
   a - Flame Tongue                   Conjuration/Fire             1
   b - Throw Flame                    Conjuration/Fire             2
   c - Conjure Flame                  Conjuration/Fire             3
   d - Inner Flame                    Hexes/Fire                   3
   e - Sticky Flame                   Conjuration/Fire             4
   f - Fireball                       Conjuration/Fire             5
Comestibles
 c - 7 bread rations
 t - 6 meat rations
 v - 7 fruits
 F - 2 royal jellies


   Skills:
 * Level 10.2 Fighting
 - Level 10.0 Long Blades
 - Level 10.1 Armour
 - Level 6.0 Dodging
 - Level 1.5 Stealth
 * Level 6.2 Shields
 * Level 6.8 Invocations


You had 9 spell levels left.
You knew the following spells:

 Your Spells              Type           Power        Failure   Level  Hunger
a - Apportation           Tloc           #.....       82%         1    ##.....


Dungeon Overview and Level Annotations

Branches:
Dungeon (10/15)            Temple (1/1) D:4
   Lair: D:8-11         Orc: D:9-12

Altars:
Cheibriados
Elyvilon
Fedhas
Gozag
Hepliaklqana
Makhleb
Nemelex Xobeh
Okawaru
Qazlal
Sif Muna
Trog
Uskayaw
Xom
Yredelemnul
The Shining One

Annotations:
D:10 Agrougrou's ghost, journeyman OgGl


Innate Abilities, Weirdness & Mutations

((You reflexively headbutt those who attack you in melee.))
((You have a pair of horns on your head.))


Message History

* * * LOW HITPOINT WARNING * * *
You closely miss Agrougrou's ghost. You headbutt Agrougrou's ghost.
Agrougrou's ghost is lightly damaged.
Agrougrou's ghost hits you.
* * * LOW HITPOINT WARNING * * *
It was a potion of lignification.
You turn into a tree.
Your scarf of repulsion melds into your body.
Your +1 hat melds into your body.
The cursed +0 scale mail "Iduarchef" {rF+} melds into your body.
The haze of the repulsion field disappears.
Your roots penetrate the ground.
Agrougrou's ghost hits you!
* * * LOW HITPOINT WARNING * * *
You feel better. Agrougrou's ghost hits you.
* * * LOW HITPOINT WARNING * * *
You hit Agrougrou's ghost but do no damage.
Agrougrou's ghost is lightly damaged.
You barely miss Agrougrou's ghost.
Agrougrou's ghost is lightly damaged.
You block Agrougrou's ghost's attack. Agrougrou's ghost hits you!
You die...

#..F........
#..........#
#........%.#
#...........
#...........
#.....%.....
#...........
#...........
#...........
##W######... #♣#
## #.#
#.################
#.................
##################


You could see Agrougrou's ghost.

Vanquished Creatures
  A two-headed ogre (D:9)
  The ghost of ThereIsNoGod the Grappler, a novice TrFi of Okawaru (D:8)
  Pikel (D:7)
  A cyclops (D:7)
  Joseph (D:8)
  A gargoyle (D:8)
  The ghost of ceb the Bolt Thrower, an amateur DsHu (D:3)
  2 hornets
  3 hippogriffs
  4 yaks (D:10)
  A hungry ghost (D:7)
  A water moccasin (D:9)
  A necrophage (D:9)
  A sky beast (D:6)
  A slave (D:7)
  2 ice beasts
  9 ogres
  A phantom (D:4)
  2 centaurs
  8 bullfrogs
  Blork the orc (D:6)
  A wyvern zombie (D:6)
  6 scorpions
  7 howler monkeys
  2 crimson imps
  4 orc priests
  4 orc wizards
  A centaur skeleton (D:8)
  A gnoll shaman (D:5)
  A bullfrog skeleton (D:4)
  Jessica (D:2)
  7 iguanas
  5 worker ants
  A killer bee zombie (D:6)
  A hound zombie (D:8)
  3 hound skeletons
  A worker ant zombie (D:6)
  6 gnolls (D:5)
  12 adders
  3 shadow imps
  An ooze (D:1)
  3 adder skeletons
  An adder zombie (D:8)
  8 worms
  2 dart slugs
  5 leopard geckos
  13 orcs
  6 giant cockroaches
  3 goblins (D:2)
  4 hobgoblins
  7 jackals
  5 quokkas
  7 bats
  6 frilled lizards
  A jackal skeleton (D:4)
  6 kobolds
  A leopard gecko skeleton (D:6)
  A leopard gecko zombie (D:5)
  A quokka zombie (D:6)
  9 rats
  A butterfly (D:8)
202 creatures vanquished.

Vanquished Creatures (others)
  A slave (D:7)
  A hound (D:4)
  An adder skeleton (D:4)
  A leopard gecko (D:4)
  3 quokkas
  A bat (D:4)
8 creatures vanquished.

Grand Total: 210 creatures vanquished

Notes
Turn   | Place    | Note
-------+----------+-------------------------------------------
     0 | D:1      | hilaritas the Minotaur Monk began the quest for the Orb.
     0 | D:1      | Reached XP level 1. HP: 19/19 MP: 0/0
   290 | D:1      | Reached XP level 2. HP: 27/27 MP: 1/1
   629 | D:2      | Reached skill level 1 in Armour
   783 | D:2      | Reached XP level 3. HP: 32/33 MP: 2/2
   975 | D:2      | Noticed Jessica
   976 | D:2      | Found a white marble altar of Elyvilon.
   982 | D:2      | Killed Jessica
  1081 | D:2      | Reached skill level 5 in Long Blades
  1347 | D:2      | Reached XP level 4. HP: 32/40 MP: 3/3
  1642 | D:2      | Became a worshipper of Elyvilon the Healer
  1642 | D:2      | Reached * piety under Elyvilon
  1642 | D:2      | Reached ** piety under Elyvilon
  1763 | D:3      | Reached XP level 5. HP: 46/47 MP: 4/4
  1972 | D:3      | Noticed ceb's ghost (amateur DsHu)
  2006 | D:3      | Killed ceb's ghost
  2006 | D:3      | Reached skill level 1 in Invocations
  2006 | D:3      | Reached XP level 6. HP: 8/53 MP: 2/6
  2907 | D:4      | Reached XP level 7. HP: 60/60 MP: 7/7
  2934 | D:4      | Reached skill level 5 in Fighting
  3831 | D:4      | Found a staircase to the Ecumenical Temple.
  3840 | Temple   | Entered the Ecumenical Temple
  3872 | Temple   | Reached *** piety under Elyvilon
  3894 | Temple   | Fell from the grace of Elyvilon
  3894 | Temple   | Became a worshipper of the Shining One
  3894 | Temple   | Reached * piety under the Shining One
  3935 | D:5      | Entered Level 5 of the Dungeon
  3941 | D:5      | Reached skill level 5 in Armour
  3941 | D:5      | Reached XP level 8. HP: 46/69 MP: 9/9
  4192 | D:5      | Found a deep blue altar of Sif Muna.
  4832 | D:5      | Reached ** piety under the Shining One
  4962 | D:6      | Reached skill level 10 in Long Blades
  5333 | D:6      | Reached XP level 9. HP: 75/75 MP: 11/11
  5504 | D:6      | Noticed Blork the orc
  5512 | D:6      | Killed Blork the orc
  5949 | D:7      | Noticed Pikel
  5997 | D:7      | Killed Pikel
  5997 | D:7      | Reached skill level 5 in Invocations
  6050 | D:7      | Identified a scroll of acquirement
  6080 | D:7      | Reached *** piety under the Shining One
  6091 | D:7      | Reached skill level 1 in Shields
  6795 | D:7      | Noticed a cyclops
  6807 | D:7      | Killed a cyclops
  7103 | D:8      | Noticed Joseph
  7122 | D:8      | Reached XP level 10. HP: 51/90 MP: 13/13
  7137 | D:8      | Killed Joseph
  7416 | D:8      | Noticed ThereIsNoGod's ghost (novice TrFi)
  7431 | D:8      | Killed ThereIsNoGod's ghost
  7431 | D:8      | Reached skill level 5 in Dodging
  7580 | D:8      | Got a pitted ring mail
  7591 | D:8      | Identified the cursed +1 ring mail "Emmofui" {rCorr} (You found it on level 8 of the Dungeon)
  7630 | D:8      | Found a shimmering altar of Xom.
  7634 | D:8      | Got a bronze ring mail
  7651 | D:8      | Identified the cursed +0 ring mail of the Sky {rElec rPois rN++ rCorr} (You found it on level 8 of the Dungeon)
  7837 | D:8      | Noticed a gargoyle
  7869 | D:8      | Killed a gargoyle
  8358 | D:8      | Found a blossoming altar of Fedhas.
  8359 | D:8      | Found a hide-covered altar of Uskayaw.
  8536 | D:9      | Found a bloodstained altar of Trog.
  8583 | D:9      | Noticed a two-headed ogre
  8595 | D:9      | Killed a two-headed ogre
  8595 | D:9      | Reached skill level 10 in Armour
  8728 | D:9      | Got a faintly glowing scale mail
  8740 | D:9      | Identified the cursed +0 scale mail "Iduarchef" {rF+} (You found it on level 9 of the Dungeon)
  8751 | D:9      | Learned a level 1 spell: Apportation
  8805 | D:9      | Found a shimmering altar of Xom.
  8867 | D:9      | Reached skill level 5 in Shields
  9308 | D:10     | Entered Level 10 of the Dungeon
  9486 | D:10     | Reached **** piety under the Shining One
  9505 | D:10     | Reached skill level 10 in Fighting
  9521 | D:10     | Reached XP level 11. HP: 58/98 MP: 15/15
  9524 | D:10     | Noticed Agrougrou's ghost (journeyman OgGl)
  9556 | D:10     | HP: 4/150 [Agrougrou's ghost (11)]
  9559 | D:10     | Slain by Agrougrou's ghost

Skill      XL: |  1  2  3  4  5  6  7  8  9 10 |
---------------+-------------------------------+-----
Long Blades    | 4 5 7 8 10 | 10.0
Armour         | 1 2 3 5 7 9 10 | 10.1
Fighting       | 4 5 6 8 10 | 10.2
Invocations    | 1 2 4 5 6 |  6.8
Dodging        | 4 6 |  6.0
Shields        | 2 6 |  6.2
Stealth        | |  1.5

Action                   |  1- 3 |  4- 6 |  7- 9 | 10-12 || total
-------------------------+-------+-------+-------+-------++-------
Melee: Falchion          |    71 |   113 |   344 |   104 ||   632
       Headbutt          |     8 |    26 |    92 |    63 ||   189
       Long sword        |       |       |       |   127 ||   127
Throw: Javelin           |       |       |       |     2 ||     2
Invok: Lesser Healing    |       |     3 |       |       ||     3
       Divine Shield     |       |       |       |     2 ||     2
  Use: Potion            |       |     3 |       |     3 ||     6
       Scroll            |       |     7 |     7 |     4 ||    18
 Stab: Sleeping          |     6 |       |       |       ||     6
       Distracted        |       |     1 |       |       ||     1
  Eat: Chunk             |     1 |     6 |    33 |     7 ||    47
Armor: Robe              |    11 |     2 |       |       ||    13
       Ring mail         |       |    22 |    84 |    16 ||   122
       Scale mail        |       |       |       |    18 ||    18
Dodge: Dodged            |    40 |    62 |   161 |    93 ||   356
       Deflected         |       |       |     3 |     2 ||     5
Block: Buckler           |       |       |     7 |    37 ||    44
       Shield            |       |       |       |    25 ||    25
       Rpst.: Falchion   |     9 |    14 |    44 |     6 ||    73
       Long sword        |       |       |       |    13 ||    13
